[Event "XXXII Belgrade Trophy 2018"]
[Site "Belgrade"]
[Date "2018.12.01"]
[Round "8"]
[White "Velickovic, Sasa"]
[Black "Cetkovic, Miodrag"]
[Result "1-0"]
[ECO "C41"]
[WhiteElo "2293"]
[BlackElo "2189"]
[Annotator "ChessBase"]
[PlyCount "143"]
[EventDate "2018.11.24"]
[EventType "swiss"]
[EventCountry "SRB"]
[SourceTitle "playchess.com"]
[Source "ChessBase"]
[SourceQuality "1"]
[TimeControl "40/5400+30:900+30"]

1. e4 d6 2. d4 Nf6 3. Nc3 e5 4. Nf3 Nbd7 5. Bc4 Be7 6. O-O O-O 7. Re1 c6 8. a4 a5 9. b3 Qc7 10. Ba3 Nb6 11. Be2 Bg4 12. h3 Bh5 13. Qd3 Rad8 14. Rad1 Rfe8 15. Qe3 Bxf3 16. Bxf3 Nbd7 17. g3 Nf8 18. d5 c5 19. Be2 N8d7 20. Kg2 Bf8 21. Rh1 Nb6 22. h4 Qe7 23. Bc1 Ra8 24. Nb1 Nfd7 25. Na3 Rec8 26. Bd2 c4 27. Nxc4 Nxc4 28. Bxc4 Nc5 29. Be2 Qc7 30. Rb1 Be7 31. c3 Bd8 32. Qf3 Qe7 33. Bb5 Qf8 34. Rb2 Qe7 35. Ra1 Nd7 36. h5 h6 37. Qf5 Nf6 38. Re1 Nh7 39. f4 f6 40. Qd7 Rc7 41. Qxe7 Rxe7 42. b4 Bb6 43. c4 axb4 44. Bxb4 Rd8 45. a5 Bd4 46. Ra2 Bc5 47. Bxc5 dxc5 48. a6 bxa6 49. Rxa6 Nf8 50. Rc6 Ra7 51. Rxc5 Ra2+ 52. Kf3 Rda8 53. Re2 Ra1 54. Rc7 Rf1+ 55. Kg2 Raa1 56. fxe5 fxe5 57. c5 Rg1+ 58. Kf2 Raf1+ 59. Ke3 Rxg3+ 60. Kd2 Rb1 61. Bd3 Rb3 62. Bc2 Rb4 63. Rf2 Rb8 64. c6 Rd8 65. Re7 Ra3 66. c7 Rc8 67. Rff7 Ra6 68. Rxg7+ Kh8 69. Rgf7 Kg8 70. Bd3 Rd6 71. Rf1 Nd7 72. Re6 1-0

[Event "XXXII Belgrade Trophy 2018"]
[Site "Belgrade"]
[Date "2018.12.01"]
[Round "8"]
[White "Andrijevic, Milan"]
[Black "Ivanovic, Marko"]
[Result "0-1"]
[ECO "C41"]
[WhiteElo "2269"]
[BlackElo "2202"]
[Annotator "ChessBase"]
[PlyCount "56"]
[EventDate "2018.11.24"]
[EventType "swiss"]
[EventCountry "SRB"]
[SourceTitle "playchess.com"]
[Source "ChessBase"]
[SourceQuality "1"]
[TimeControl "40/5400+30:900+30"]

1. e4 d6 2. d4 Nf6 3. Nc3 Nbd7 4. Nf3 e5 5. Bc4 Be7 6. O-O O-O 7. a4 c6 8. Re1 Qc7 9. Bg5 b6 10. Ba2 a6 11. dxe5 dxe5 12. Nd2 Nc5 13. Bc4 Be6 14. Qe2 b5 15. Bxe6 Nxe6 16. Bxf6 Bxf6 17. Nf3 Be7 18. Nd1 Bc5 19. c3 Nf4 20. Qc2 Rad8 21. b4 Bb6 22. Nb2 Qd6 23. Rf1 Qg6 24. g3 Qh5 25. Ne1 Rd6 26. Kh1 Rh6 27. f3 Qh3 28. Ned3 Nh5 0-1

[Event "XXXII Belgrade Trophy 2018"]
[Site "Belgrade"]
[Date "2018.12.01"]
[Round "8"]
[White "Eric, Jovana"]
[Black "Petrovic, Petar R"]
[Result "0-1"]
[ECO "B01"]
[WhiteElo "2257"]
[BlackElo "2014"]
[Annotator "RC"]
[PlyCount "84"]
[EventDate "2018.11.24"]
[EventType "swiss"]
[EventCountry "SRB"]
[SourceTitle "playchess.com"]
[Source "ChessBase"]
[SourceQuality "1"]
[TimeControl "40/5400+30:900+30"]

1. e4 d5 2. exd5 Qxd5 3. Nc3 Qd8 4. d4 c6 5. Bc4 Nf6 6. Nf3 Bf5 7. Qe2 e6 8. Bg5 Nbd7 9. O-O-O Be7 10. Ne5 Nxe5 11. dxe5 Nd5 12. Bxe7 Qxe7 13. Bxd5 exd5 14. Kb1 O-O-O 15. g4 Be6 16. Rd4 Kb8 17. Rhd1 Bc8 18. f4 f6 19. Re1 Rhe8 20. Qf3 Qc5 21. Rdd1 fxe5 22. fxe5 Be6 23. Qg3 g5 24. Ne2 d4 25. Nc1 Qd5 26. c3 Qc4 27. cxd4 Rxd4 28. Rxd4 Qxd4 29. h3 Rf8 30. Nb3 Qd5 31. Qe3 h6 32. Qe2 Rd8 33. Rf1 a5 34. Nc1 a4 35. Qe3 Qb5 36. Rf6 a3 37. Qxa3 Qxe5 38. Rf8 Rxf8 39. Qxf8+ Ka7 40. Qxh6 Qe4+ 41. Ka1 Qe3 42. Kb1 Bd5 0-1

[Event "XXXII Belgrade Trophy 2018"]
[Site "Belgrade"]
[Date "2018.12.01"]
[Round "8"]
[White "Veleski, Robert"]
[Black "Cerovic, Danilo"]
[Result "0-1"]
[ECO "A07"]
[WhiteElo "2211"]
[BlackElo "2333"]
[Annotator "RC"]
[PlyCount "96"]
[EventDate "2018.11.24"]
[EventType "swiss"]
[EventCountry "SRB"]
[SourceTitle "playchess.com"]
[Source "ChessBase"]
[SourceQuality "1"]
[TimeControl "40/5400+30:900+30"]

1. Nf3 Nf6 2. g3 g6 3. Bg2 Bg7 4. O-O O-O 5. d3 d5 6. a3 a5 7. a4 Nc6 8. Na3 e5 9. c3 h6 10. Bd2 e4 11. Ne1 Re8 12. d4 Bf5 13. Nec2 Qd7 14. Nb5 Rac8 15. Ne3 Bh3 16. Qb3 Ne7 17. Rfc1 h5 18. c4 Bxg2 19. Kxg2 c6 20. Nc3 Ng4 21. cxd5 Bxd4 22. Nxg4 Qxg4 23. d6 Bxc3 24. Qxc3 Nd5 25. Qd4 Rcd8 26. h3 Qxe2 27. Bh6 f6 28. Ra3 Rxd6 29. Qc5 Rde6 30. Rc2 Qa6 31. Be3 b6 32. Qc4 Qxc4 33. Rxc4 c5 34. Rc2 Rd6 35. Re2 g5 36. Ra1 Nb4 37. Bd2 Nc2 38. Bf4 gxf4 39. Rxc2 f3+ 40. Kh2 f5 41. Rg1 Kf7 42. g4 hxg4 43. Kg3 gxh3 44. Kf4 Rg6 45. Rh1 Kf6 46. Rxh3 Rg4+ 47. Ke3 Rd8 48. Rc3 Ke5 {[%emt 0:00:00] Kd4+ [%clk 0:00:00]} 0-1

[Event "XXXII Belgrade Trophy 2018"]
[Site "Belgrade"]
[Date "2018.12.01"]
[Round "8"]
[White "Damjanovic, Vuk"]
[Black "Lundin, Jan"]
[Result "0-1"]
[ECO "A80"]
[WhiteElo "2053"]
[BlackElo "2287"]
[Annotator "RC"]
[PlyCount "60"]
[EventDate "2018.11.24"]
[EventType "swiss"]
[EventCountry "SRB"]
[SourceTitle "playchess.com"]
[Source "ChessBase"]
[SourceQuality "1"]
[TimeControl "40/5400+30:900+30"]

1. d4 f5 2. Bg5 g6 3. Nc3 Bg7 4. e4 fxe4 5. Nxe4 d5 6. Nc3 Nh6 7. Be2 Nf5 8. Nf3 Nc6 9. Bb5 Qd6 10. Qd2 O-O 11. Bxc6 Qxc6 12. O-O e6 13. Rfe1 a5 14. a4 Qb6 15. Rad1 Bd7 16. Ne5 Be8 17. g4 Nd6 18. b3 Nf7 19. Nxf7 Rxf7 20. Bh6 Bxh6 21. Qxh6 Bd7 22. Qe3 Raf8 23. Kg2 c5 24. Ne2 e5 25. dxe5 d4 26. Qg3 Rf3 27. Qh4 Qe6 28. h3 Bc6 29. Kg1 Qd5 30. c4 Rg3+ 0-1

[Event "XXXII Belgrade Trophy 2018"]
[Site "Belgrade"]
[Date "2018.12.02"]
[Round "9"]
[White "Graovac, Vidak Balsa"]
[Black "Veleski, Robert"]
[Result "0-1"]
[ECO "B06"]
[WhiteElo "2155"]
[BlackElo "2211"]
[Annotator "ChessBase"]
[PlyCount "43"]
[EventDate "2018.11.24"]
[EventType "swiss"]
[EventCountry "SRB"]
[SourceTitle "playchess.com"]
[Source "ChessBase"]
[SourceQuality "1"]
[TimeControl "40/5400+30:900+30"]

1. e4 g6 2. d4 Bg7 3. Bc4 d6 4. Nf3 e6 5. Qe2 Ne7 6. Bg5 h6 7. Bh4 a6 8. c3 b6 9. Nbd2 Bb7 10. e5 g5 {[%emt 0:00:30] Bg3Nf5 [%clk 0:00:00]} 11. exd6 {[%emt 0:00:30] Nxg3 [%clk 0:00:00] dxc7 [%clk 0:00:00] Qxc7 [%clk 0:00:00] hxg3 [%clk 0:00:00]} O-O 12. Bd3 {[%emt 0:00:30] Rd8 [%clk 0:00:00] Nc4 [%clk 0:00:00]} Nd7 {[%emt 0:00:30] Ne3 [%clk 0:00:00] e5 [%clk 0:00:00] dxe5 [%clk 0:00:00]} 13. Ne5 Nxe5 14. Qxe5 {[%emt 0:00:30] O-O [%clk 0:00:00]} b5 15. a3 Re8 {[%emt 0:00:30] Qg4 [%clk 0:00:00] Qd6 [%clk 0:00:00]} 16. Be2 {[%emt 0:00:30] Re4 [%clk 0:00:00] Rad1 [%clk 0:00:00] Qb6 [%clk 0:00:00] Qf5 [%clk 0:00:00] Re5 [%clk 0:00:00]} Qd7 {[%emt 0:00:30] Bc6 [%clk 0:00:00] Rd6 [%clk 0:00:00] Bxd7 [%clk 0:00:00] Rxb6 [%clk 0:00:00] Re6 [%clk 0:00:00] Rxe6 [%clk 0:00:00] Bxe6 [%clk 0:00:00]} 17. Rd1 Kf8 18. Bf3 Ra7 19. Bd5 Bc8 20. f4 Bf6 21. Kf2 {[%emt 0:00:30] Be7 [%clk 0:00:00] Be4 [%clk 0:00:00] Be6 [%clk 0:00:00] f5 [%clk 0:00:00] Bb3 [%clk 0:00:00] Bc2 [%clk 0:00:00] Bxc2 [%clk 0:00:00] Nxc2 [%clk 0:00:00]} Kg7 22. g4 {[%emt 0:00:30] Rc7 [%clk 0:00:00] Rd5 [%clk 0:00:00] Rc4 [%clk 0:00:00] Nd4 [%clk 0:00:00] Bc5 [%clk 0:00:00] Ke3 [%clk 0:00:00] Kf6 [%clk 0:00:00] Kd3 [%clk 0:00:00] Bxd4 [%clk 0:00:00] Rxd4 [%clk 0:00:00] Rc6 [%clk 0:00:00] Ke4 [%clk 0:00:00] Ke7 [%clk 0:00:00] c4 [%clk 0:00:00] bxc4 [%clk 0:00:00] Kd5 [%clk 0:00:00] Rb6 [%clk 0:00:00] Rd2 [%clk 0:00:00] Rd6+ [%clk 0:00:00]} 0-1

[Event "XXXII Belgrade Trophy 2018"]
[Site "Belgrade"]
[Date "2018.12.02"]
[Round "9"]
[White "Petrovic, Petar R"]
[Black "Dimic, Pavle"]
[Result "0-1"]
[ECO "B30"]
[WhiteElo "2014"]
[BlackElo "2348"]
[Annotator "RC"]
[PlyCount "82"]
[EventDate "2018.11.24"]
[EventType "swiss"]
[EventCountry "SRB"]
[SourceTitle "playchess.com"]
[Source "ChessBase"]
[SourceQuality "1"]
[TimeControl "40/5400+30:900+30"]

1. e4 c5 2. Nf3 Nc6 3. Bc4 e6 4. O-O Nge7 5. Re1 a6 6. a3 b5 7. Ba2 g6 8. c3 Bg7 9. d4 cxd4 10. cxd4 d5 11. exd5 exd5 12. Nc3 O-O 13. h3 Be6 14. Bg5 Qd6 15. Qd2 Nf5 16. Ne2 Qd7 17. Rad1 f6 18. Bf4 Bf7 19. Ng3 Nd6 20. Bh6 Rfe8 21. Bxg7 Kxg7 22. b3 Ne4 23. Nxe4 dxe4 24. Nh2 f5 25. d5 Ne5 26. Qd4 Kg8 27. Bb1 Qd6 28. b4 Rad8 29. Ba2 Nd3 30. Re3 Nxf2 31. Kxf2 Qxh2 32. Rg3 f4 33. Rg4 f3 34. Qf6 fxg2 35. Rxg2 e3+ 36. Kf3 Qxh3+ 37. Rg3 Qh5+ 38. Rg4 e2 39. Re1 Bxd5+ 40. Bxd5+ Qxd5+ 41. Kg3 Qe5+ 0-1